Map: Romanticide LE

Players

Astrea - Winner!

  • Race: Protoss Protoss
  • League: Master
  • Spawn Location: 5:00

Namshar

  • Race: Zerg Zerg
  • League: Grandmaster
  • Spawn Location: 11:00

Event: DreamHack SC2 Masters 2020 Winter

VOD

Have the link to the VOD?

Description

Time

  • Played on: Oct. 31, 2020, 5:48 p.m.
  • Length: 16:26

All games in this series

Show
View Real Time Build Order
Export as new Build Order

Astrea Protoss - Winner!

Build Orders: Carriers, Zealot Archon 

Get SALT Encoding   

  12  0:00  Probe  
  13  0:13  Pylon  
  13  0:18  Probe (Chrono Boost)  
  14  0:27  Probe (Chrono Boost)  
  15  0:32  Probe (Chrono Boost)  
  16  0:41  Gateway  
  16  0:44  Probe  
  16  0:47  Assimilator  
  17  0:56  Probe  
  18  1:08  Probe  
  19  1:18  Pylon  
  19  1:20  Assimilator, Probe  
  20  1:27  Zealot (Chrono Boost)  
  20  1:28  Cybernetics Core  
  20  1:32  Probe  
  23  1:40  Gateway  
  23  1:44  Probe  
  24  1:48  Zealot (Chrono Boost)  
  26  1:56  Probe  
  26  1:59  Pylon  
  27  2:09  Probe  
  27  2:12  Adept (Chrono Boost)  
  27  2:13  Warp Gate  
  30  2:23  Probe  
  30  2:27  Adept  
  33  2:35  Adept  
  35  2:41  Probe  
  36  2:54  Probe  
  37  3:02  Nexus  
  37  3:07  Probe  
  38  3:17  Stargate  
  38  3:21  Pylon  
  38  3:25  Probe  
  39  3:39  Probe  
  39  3:40  Sentry  
  42  3:52  Probe  
  43  4:02  Oracle (Chrono Boost)  
  43  4:05  Probe (Chrono Boost)  
  41  4:15  Probe (Chrono Boost)  
  39  4:18  Adept  
  39  4:19  Adept  
  39  4:23  Probe (Chrono Boost)  
  44  4:25  Probe (Chrono Boost), Void Ray (Chrono Boost)  
  44  4:29  Probe (Chrono Boost)  
  44  4:30  Probe (Chrono Boost)  
  50  4:38  Nexus  
  50  4:43  Probe  
  51  4:46  Probe  
  52  4:53  Adept x2  
  52  4:55  Probe  
  52  4:58  Probe  
  58  5:03  Pylon  
  58  5:08  Probe  
  58  5:10  Probe  
  60  5:14  Pylon  
  60  5:15  Void Ray  
  60  5:20  Probe  
  65  5:22  Probe  
  65  5:26  Assimilator  
  63  5:28  Assimilator  
  63  5:32  Shield Battery, Probe, Sentry x2  
  63  5:34  Probe  
  69  5:44  Probe (Chrono Boost)  
  69  5:46  Forge  
  69  5:47  Probe (Chrono Boost)  
  69  5:48  Twilight Council  
  71  5:50  Probe (Chrono Boost)  
  71  5:56  Probe (Chrono Boost)  
  74  5:58  Robotics Facility, Probe (Chrono Boost)  
  74  5:59  Probe (Chrono Boost)  
  74  6:02  Probe (Chrono Boost), Void Ray  
  74  6:03  Probe (Chrono Boost)  
  76  6:04  Probe (Chrono Boost)  
  76  6:10  Probe  
  83  6:13  Protoss Ground Weapons Level 1 (Chrono Boost), Probe  
  83  6:16  Pylon, Probe  
  85  6:20  Charge  
  85  6:22  Probe  
  85  6:25  Probe  
  87  6:28  Probe  
  87  6:30  Gateway x2  
  88  6:34  Probe  
  88  6:37  Probe  
  88  6:39  Assimilator  
  90  6:40  Assimilator  
  90  6:41  Probe  
  90  6:42  Pylon  
  90  6:46  Observer  
  92  6:47  Probe  
  92  6:49  Probe  
  92  6:52  Gateway  
  92  6:53  Gateway, Probe  
  95  6:55  Gateway  
  95  6:58  Gateway  
  95  7:00  Templar Archives  
  95  7:13  Pylon  
  95  7:15  Gateway x2  
  95  7:19  Warp Prism (Chrono Boost)  
  95  7:20  Photon Cannon  
  97  7:28  Pylon  
  97  7:38  High Templar x4  
  97  7:43  Archon  
  105  7:44  Archon  
  105  7:46  Psionic Storm  
  105  8:01  Zealot x4  
  105  8:02  Protoss Ground Weapons Level 2 (Chrono Boost)  
  105  8:03  Nexus  
  113  8:10  Zealot x5  
  122  8:23  Pylon  
  122  8:27  Pylon  
  122  8:30  Probe x3  
  125  8:34  Pylon  
  125  8:35  Pylon  
  125  8:41  Immortal  
  125  8:42  Probe  
  125  8:44  Probe  
  125  8:45  High Templar, Probe  
  125  8:46  High Templar x3  
  140  8:49  Photon Cannon  
  140  8:50  Photon Cannon  
  140  8:51  Photon Cannon  
  140  8:54  Shield Battery, Probe  
  141  8:55  Shield Battery  
  141  8:56  Pylon  
  141  8:57  High Templar, Probe x2  
  141  8:59  Photon Cannon  
  141  9:00  Shield Battery  
  145  9:08  Probe  
  145  9:09  Probe  
  147  9:12  Assimilator  
  147  9:14  Assimilator, Photon Cannon  
  147  9:15  Photon Cannon  
  147  9:16  Photon Cannon  
  147  9:19  Probe x2  
  147  9:20  Probe  
  147  9:21  Probe  
  151  9:25  Photon Cannon  
  151  9:30  High Templar x4  
  159  9:31  Probe x2  
  159  9:35  Archon x2  
  161  9:41  Zealot x6  
  173  9:51  Pylon x2  
  173  9:53  Pylon  
  173  9:58  Protoss Air Weapons Level 1 (Chrono Boost)  
  173  10:13  Protoss Ground Weapons Level 3 (Chrono Boost)  
  171  10:14  Photon Cannon  
  171  10:15  Zealot x10  
  189  10:46  Zealot x5  
  187  10:56  Fleet Beacon  
  183  11:02  Stargate x2  
  179  11:05  Zealot x8  
  179  11:06  Zealot x2  
  199  11:12  Stargate  
  199  11:14  Pylon  
  199  11:16  Nexus, Stargate  
  191  11:29  Oracle  
  183  11:36  Observer (Chrono Boost)  
  184  11:45  Pylon  
  184  11:48  Pylon  
  184  11:49  Observer (Chrono Boost)  
  184  11:52  Unknown  
  169  12:03  High Templar  
  169  12:05  Carrier x3 (Chrono Boost)  
  169  12:06  Carrier (Chrono Boost)  
  169  12:08  Photon Cannon  
  195  12:09  Photon Cannon  
  195  12:11  Photon Cannon  
  195  12:12  Shield Battery  
  195  12:13  Shield Battery  
  191  12:32  Zealot x4  
  193  12:43  Zealot x6  
  185  12:55  Carrier (Chrono Boost)  
  175  12:59  Carrier x2 (Chrono Boost)  
  175  13:03  Observer  
  197  13:06  Carrier x2 (Chrono Boost)  
  197  13:12  Zealot x4  
  199  13:14  Cybernetics Core  
  199  13:15  Gateway  
  195  13:23  Photon Cannon  
  195  13:25  Photon Cannon  
  195  13:26  Photon Cannon  
  181  13:30  Zealot x5  
  189  13:39  High Templar  
  183  13:43  Zealot x3  
  189  13:56  Carrier  
  195  14:15  Zealot x5  
  188  14:27  Zealot x3  
  188  14:28  Zealot x2, Probe x3  
  188  14:29  Probe x2  
  176  14:40  Probe  
  176  14:42  Probe x4  
  177  14:50  Photon Cannon  
  177  14:51  Assimilator  
  177  14:52  Pylon, Observer (Chrono Boost)  
  164  15:02  High Templar  
  164  15:03  High Templar  
  164  15:04  High Templar x8  
  184  15:08  Archon x3  
  184  15:09  Archon  
  196  15:32  Nexus  
  196  15:46  Archon  
  186  15:51  High Templar x3  
  186  15:52  High Templar x3  
  178  16:18  High Templar x4  
Show
View Real Time Build Order
Export as new Build Order

Namshar Zerg 

Build Orders: Pool First, Lurkers 

Get SALT Encoding   

  12  0:00  Drone  
  13  0:12  Overlord  
  13  0:17  Drone  
  14  0:30  Drone x2  
  16  0:41  Spawning Pool  
  15  0:45  Drone  
  15  0:49  Drone  
  17  1:12  Hatchery  
  17  1:17  Drone  
  17  1:28  Zergling x4  
  17  1:29  Zergling x2  
  17  1:32  Extractor  
  19  1:41  Drone  
  20  1:52  Hatchery  
  19  2:00  Queen  
  21  2:07  Overlord  
  21  2:11  Drone  
  22  2:25  Overlord  
  22  2:29  Hatchery  
  22  2:37  Metabolic Boost  
  23  2:46  Drone x2  
  23  2:48  Queen  
  23  2:50  Drone  
  26  2:58  Drone  
  28  3:05  Drone  
  28  3:08  Hatchery  
  27  3:18  Zergling x6  
  29  3:28  Drone  
  29  3:29  Queen  
  29  3:32  Zergling x2  
  33  3:38  Overlord  
  33  3:40  Zergling x2  
  34  3:48  Zergling x2  
  34  3:49  Zergling x2  
  36  3:56  Spore Crawler  
  34  4:03  Zergling x4  
  34  4:05  Zergling x4  
  34  4:08  Zergling x2  
  33  4:15  Drone x2  
  35  4:19  Spore Crawler  
  35  4:21  Spore Crawler  
  33  4:25  Drone  
  34  4:33  Drone x3  
  37  4:44  Drone x4  
  40  4:50  Drone x3  
  42  4:53  Drone  
  42  4:54  Drone  
  42  4:59  Spore Crawler  
  43  5:02  Drone  
  43  5:03  Drone x2  
  46  5:08  Drone  
  46  5:09  Drone  
  48  5:14  Drone x2  
  48  5:19  Roach Warren  
  48  5:27  Drone x3  
  50  5:30  Overlord  
  50  5:31  Overlord  
  50  5:34  Lair  
  49  5:45  Overlord  
  49  5:49  Drone x8  
  57  5:52  Drone x2  
  57  5:53  Drone  
  57  5:57  Drone, Extractor  
  59  5:58  Extractor  
  59  6:01  Drone x3  
  62  6:04  Overlord  
  62  6:06  Drone  
  62  6:10  Drone  
  62  6:11  Drone x2  
  66  6:20  Drone x5, Evolution Chamber  
  70  6:25  Extractor  
  70  6:26  Pneumatized Carapace, Extractor, Overlord x2  
  70  6:28  Drone  
  70  6:29  Drone  
  70  6:32  Drone x2  
  72  6:34  Extractor  
  71  6:42  Queen  
  71  6:43  Drone  
  74  6:48  Hydralisk Den, Zerg Missile Weapons Level 1  
  74  6:52  Drone x4  
  78  6:54  Drone x3  
  78  6:55  Drone, Glial Reconstitution  
  78  6:57  Queen  
  83  7:03  Drone  
  83  7:06  Overlord  
  83  7:07  Overlord  
  84  7:12  Queen  
  84  7:13  Drone  
  86  7:16  Overlord  
  86  7:17  Grooved Spines  
  86  7:19  Queen  
  86  7:21  Hydralisk x2  
  92  7:30  Hydralisk x3  
  92  7:36  Hydralisk  
  92  7:37  Hydralisk x2  
  98  7:43  Hydralisk x2  
  108  7:54  Overseer  
  108  7:55  Hydralisk x3  
  114  7:58  Hatchery  
  114  8:03  Infestation Pit  
  112  8:16  Hydralisk x4  
  120  8:20  Extractor, Hydralisk  
  120  8:23  Overlord x4  
  120  8:24  Drone  
  120  8:25  Extractor  
  121  8:29  Muscular Augments  
  121  8:38  Drone  
  121  8:40  Hive  
  122  8:42  Drone  
  122  8:44  Lurker Den  
  122  8:50  Drone x12  
  122  8:53  Zerg Missile Weapons Level 2  
  134  9:00  Drone x4  
  138  9:08  Overlord x2  
  138  9:11  Hatchery  
  137  9:18  Hydralisk  
  137  9:19  Hydralisk x4  
  145  9:26  Overlord x3  
  145  9:35  Extractor  
  145  9:36  Hydralisk x7  
  145  9:37  Extractor  
  157  9:42  Overlord  
  157  9:43  Overlord  
  157  9:45  Drone  
  157  9:46  Drone x2  
  157  9:47  Drone  
  157  9:49  Overseer  
  161  9:55  Drone x2  
  161  9:56  Seismic Spines  
  161  9:59  Lurker x4  
  167  10:01  Lurker, Hydralisk  
  169  10:08  Hydralisk x4  
  169  10:13  Lurker  
  178  10:24  Spine Crawler  
  178  10:25  Spine Crawler, Hydralisk x5  
  186  10:37  Hydralisk x6  
  194  10:43  Lurker  
  194  10:44  Lurker  
  196  10:53  Adaptive Talons  
  196  10:55  Hydralisk x2  
  199  11:00  Lurker x2  
  198  11:07  Drone  
  197  11:11  Lurker x2  
  199  11:23  Hydralisk x4  
  195  11:28  Hydralisk  
  195  11:29  Hydralisk x5  
  198  11:39  Zerg Missile Weapons Level 3  
  198  11:41  Lurker  
  189  11:56  Hydralisk  
  189  11:57  Hydralisk x6  
  196  12:31  Lurker  
  196  12:32  Lurker x2  
  189  12:48  Hydralisk x4  
  189  12:50  Lurker  
  189  12:51  Lurker x6  
  189  12:54  Hydralisk x5  
  189  12:57  Overseer x3  
  179  13:15  Drone  
  179  13:16  Drone x11  
  179  13:19  Drone x4  
  177  13:39  Drone  
  176  13:51  Hydralisk x6  
  178  14:02  Hydralisk  
  167  14:03  Zergling x22  
  167  14:09  Hydralisk  
  168  14:10  Hydralisk x10  
  186  14:17  Zerg Ground Armor Level 1  
  177  14:24  Hydralisk x12  
  177  14:29  Hydralisk x9  
  179  14:36  Queen  
  142  14:39  Viper x2  
  142  14:45  Hydralisk x3  
  142  14:51  Drone  
  142  14:52  Drone x7  
  151  14:54  Extractor  
  151  14:58  Overseer  
  150  15:00  Queen  
  150  15:05  Viper  
  155  15:08  Viper  
  155  15:11  Hatchery  
  157  15:17  Drone x4  
  157  15:19  Queen  
  157  15:20  Drone x2, Spine Crawler  
  157  15:21  Drone x2, Spine Crawler  
  166  15:27  Lurker  
  166  15:28  Lurker x2  
  168  15:29  Lurker  
  167  15:49  Hydralisk x6  
  144  15:58  Hydralisk x4  
  144  16:01  Zergling x6, Hydralisk  
  144  16:02  Zergling x4  
  125  16:06  Zergling x10  
Tags
 
Add a new tag
Caveats
  • Supply blocks, unpowered buildings, or Contaminate may cause inaccurate times.
  • Supply counts are checked every 10 seconds.